TOP OF THE 1ST |
Oceanside Swamp Foxes batting - Pitching for Quincy Doughboys : RHP Gabriel Quintero
|
Pitching: RHP Gabriel Quintero
|
|
Batting: RHB Marshall Gross
|
0-0: Foul Ball, location: 2F 0-1: Ball 1-1: Fly out, F7 (Flyball, 78D)
|
Batting: LHB Rodrigo Pérez
|
0-0: Swinging Strike 0-1: Ball 1-1: Foul Ball, location: 2F 1-2: Ball 2-2: Ball 3-2: Ground out 4-3 (Groundball, 4)
|
Batting: RHB Nathan Smith
|
0-0: Foul Ball, location: 2F 0-1: Called Strike 0-2: Foul Ball, location: 2F 0-2: Ball 1-2: Ball 2-2: Foul Ball, location: 2F 2-2: SINGLE (Groundball, 5D)
|
Batting: RHB José López
|
0-0: Ball 1-0: Called Strike 1-1: Ball 2-1: Fly out, F7 (Flyball, 78S)
|
Top of the 1st over - 0 run(s), 1 hit(s), 0 error(s), 1 left on base; Oceanside 0 - Quincy 0 |
BOTTOM OF THE 1ST |
Quincy Doughboys batting - Pitching for Oceanside Swamp Foxes : LHP Jorge Mora
|
Pitching: LHP Jorge Mora
|
|
Batting: LHB Alberto Castellanos
|
0-0: Ball 1-0: Called Strike 1-1: Fly out, F8 (Line Drive, 89M)
|
Batting: RHB Marlon Hernández
|
0-0: Fly out, F7 (Flyball, 78S)
|
Batting: SHB Juan Soriano
|
0-0: Ball 1-0: Ground out 6-3 (Groundball, 6S)
|
Bottom of the 1st over - 0 run(s), 0 hit(s), 0 error(s), 0 left on base; Oceanside 0 - Quincy 0 |
TOP OF THE 2ND |
Oceanside Swamp Foxes batting - Pitching for Quincy Doughboys : RHP Gabriel Quintero
|
Batting: LHB Gabriel Aguilera
|
0-0: Ball 1-0: Foul Ball, location: 2F 1-1: Fly out, F7 (Flyball, 7LM)
|
Batting: RHB Ed Nygaard
|
0-0: Ground out 4-3 (Groundball, 4)
|
Batting: LHB Clinton O'Brien
|
0-0: Ball 1-0: Ground out 4-3 (Groundball, 4)
|
Top of the 2nd over - 0 run(s), 0 hit(s), 0 error(s), 0 left on base; Oceanside 0 - Quincy 0 |
BOTTOM OF THE 2ND |
Quincy Doughboys batting - Pitching for Oceanside Swamp Foxes : LHP Jorge Mora
|
Batting: LHB Juan Vásquez
|
0-0: Ball 1-0: Fly out, F7 (Flyball, 7LM)
|
Batting: LHB Seth Sullivan
|
0-0: Ground out 6-3 (Groundball, 6)
|
Batting: RHB Pedro Sandoval
|
0-0: Called Strike 0-1: SOLO HOME RUN (Flyball, 9D), Distance : 380 ft
|
Batting: RHB Ben Martin
|
0-0: Fly out, F3 (Line Drive, 3)
|
Bottom of the 2nd over - 1 run(s), 1 hit(s), 0 error(s), 0 left on base; Oceanside 0 - Quincy 1 |
TOP OF THE 3RD |
Oceanside Swamp Foxes batting - Pitching for Quincy Doughboys : RHP Gabriel Quintero
|
Batting: RHB Carlos Sánchez
|
0-0: Foul Ball, location: 2F 0-1: Ground out 4-3 (Groundball, 4S)
|
Batting: LHB Arlen Powers
|
0-0: Ball 1-0: Foul Ball, location: 2F 1-1: SINGLE (Line Drive, 34)
|
Batting: RHB Marshall Gross
|
0-0: Foul Ball, location: 2F 0-1: Ball 1-1: Ball 2-1: Foul Ball, location: 2F 2-2: Foul Ball, location: 2F 2-2: SINGLE (Groundball, 4) (infield hit) Arlen Powers to second
|
Batting: LHB Rodrigo Pérez
|
0-0: Called Strike 0-1: Ball 1-1: Fly out, F5 (Line Drive, 5L)
|
Batting: RHB Nathan Smith
|
0-0: Swinging Strike 0-1: Called Strike 0-2: Ball 1-2: Ball 2-2: Foul Ball, location: 2F 2-2: Foul Ball, location: 2F 2-2: Ball 3-2: Strikes out swinging
|
Top of the 3rd over - 0 run(s), 2 hit(s), 0 error(s), 2 left on base; Oceanside 0 - Quincy 1 |
BOTTOM OF THE 3RD |
Quincy Doughboys batting - Pitching for Oceanside Swamp Foxes : LHP Jorge Mora
|
Batting: RHB Jorge Chávez
|
0-0: Ball 1-0: Foul Ball, location: 2F 1-1: Hit by Pitch
|
Batting: RHB Henry Haines
|
0-0: Called Strike 0-1: Foul Ball, location: 2F 0-2: Ball 1-2: Strikes out swinging
|
Batting: LHB Alberto Castellanos
|
0-0: Fly out, F9 (Flyball, 9)
|
Batting: RHB Marlon Hernández
|
0-0: Called Strike 0-1: Foul Ball, location: 2F 0-2: Foul Ball, location: 2F 0-2: Ball 1-2: Foul Ball, location: 2F 1-2: Fly out, F7 (Line Drive, 7)
|
Bottom of the 3rd over - 0 run(s), 0 hit(s), 0 error(s), 1 left on base; Oceanside 0 - Quincy 1 |
TOP OF THE 4TH |
Oceanside Swamp Foxes batting - Pitching for Quincy Doughboys : RHP Gabriel Quintero
|
Batting: RHB José López
|
0-0: Called Strike 0-1: Foul Ball, location: 2F 0-2: Ball 1-2: Strikes out looking
|
Batting: LHB Gabriel Aguilera
|
0-0: Swinging Strike 0-1: Ball 1-1: Swinging Strike 1-2: Foul Ball, location: 2F 1-2: Ball 2-2: Foul Ball, location: 2F 2-2: Foul Ball, location: 2F 2-2: Foul Ball, location: 2F 2-2: Ground out 6-3 (Groundball, 6S)
|
Batting: RHB Ed Nygaard
|
0-0: Called Strike 0-1: SINGLE (Groundball, 56D)
|
Batting: LHB Clinton O'Brien
|
0-0: Called Strike 0-1: Ball 1-1: Foul Ball, location: 2F 1-2: Strikes out swinging
|
Top of the 4th over - 0 run(s), 1 hit(s), 0 error(s), 1 left on base; Oceanside 0 - Quincy 1 |
BOTTOM OF THE 4TH |
Quincy Doughboys batting - Pitching for Oceanside Swamp Foxes : LHP Jorge Mora
|
Batting: SHB Juan Soriano
|
0-0: Called Strike 0-1: Ball 1-1: Foul Ball, location: 2F 1-2: Strikes out swinging
|
Batting: LHB Juan Vásquez
|
0-0: Foul Ball, location: 2F 0-1: Foul Ball, location: 2F 0-2: Ball 1-2: Fly out, F9 (Flyball, 89M)
|
Batting: LHB Seth Sullivan
|
0-0: Ball 1-0: Ball 2-0: Called Strike 2-1: Ball 3-1: Ground out 6-3 (Groundball, 56D)
|
Bottom of the 4th over - 0 run(s), 0 hit(s), 0 error(s), 0 left on base; Oceanside 0 - Quincy 1 |
TOP OF THE 5TH |
Oceanside Swamp Foxes batting - Pitching for Quincy Doughboys : RHP Gabriel Quintero
|
Batting: RHB Carlos Sánchez
|
0-0: Called Strike 0-1: Swinging Strike 0-2: Strikes out looking
|
Batting: LHB Arlen Powers
|
0-0: Called Strike 0-1: Ball 1-1: SINGLE (Line Drive, 89S)
|
Batting: RHB Marshall Gross
|
0-0: Called Strike 0-1: Ball 1-1: Ball 2-1: Called Strike 2-2: Foul Ball, location: 2F 2-2: Ball 3-2: Strikes out swinging Arlen Powers is caught stealing 2nd base Batter strikes out.
|
Top of the 5th over - 0 run(s), 1 hit(s), 0 error(s), 0 left on base; Oceanside 0 - Quincy 1 |
BOTTOM OF THE 5TH |
Quincy Doughboys batting - Pitching for Oceanside Swamp Foxes : LHP Jorge Mora
|
Batting: RHB Pedro Sandoval
|
0-0: Swinging Strike 0-1: Ball 1-1: Ball 2-1: Foul Ball, location: 2F 2-2: Fly out, F4 (Line Drive, 4)
|
Batting: RHB Ben Martin
|
0-0: Ball 1-0: SINGLE (Flyball, 89S)
|
Batting: RHB Jorge Chávez
|
0-0: Ball 1-0: Ball 2-0: Fly out, F9 (Flyball, 9)
|
Batting: RHB Henry Haines
|
0-0: Ball 1-0: Ball 2-0: Ball 3-0: Called Strike 3-1: Fly out, F8 (Flyball, 8LM)
|
Bottom of the 5th over - 0 run(s), 1 hit(s), 0 error(s), 1 left on base; Oceanside 0 - Quincy 1 |
TOP OF THE 6TH |
Oceanside Swamp Foxes batting - Pitching for Quincy Doughboys : RHP Gabriel Quintero
|
Pitching: LHP Ben Krieger
|
|
Batting: LHB Rodrigo Pérez
|
0-0: Ball 1-0: Ball 2-0: Ball 3-0: Called Strike 3-1: Foul Ball, location: 2F 3-2: Ground out 4-3 (Groundball, 4)
|
Batting: RHB Nathan Smith
|
0-0: Swinging Strike 0-1: Ball 1-1: Ball 2-1: Swinging Strike 2-2: Foul Ball, location: 2F 2-2: Hit by Pitch
|
Batting: RHB José López
|
0-0: Ball 1-0: Ball 2-0: Reached on error, E5 (Groundball, 56) Nathan Smith to second
|
Batting: LHB Gabriel Aguilera
|
0-0: Swinging Strike 0-1: Swinging Strike 0-2: Strikes out looking
|
Batting: RHB Ed Nygaard
|
0-0: Foul Ball, location: 2F 0-1: Foul Ball, location: 2F 0-2: Foul Ball, location: 2F 0-2: Ball 1-2: Ball 2-2: Fly out, F9 (Flyball, 89M)
|
Top of the 6th over - 0 run(s), 0 hit(s), 1 error(s), 2 left on base; Oceanside 0 - Quincy 1 |
BOTTOM OF THE 6TH |
Quincy Doughboys batting - Pitching for Oceanside Swamp Foxes : LHP Jorge Mora
|
Batting: LHB Alberto Castellanos
|
0-0: Ball 1-0: Ball 2-0: SINGLE (Line Drive, 34S)
|
Batting: RHB Marlon Hernández
|
0-0: Fly out, F8 (Flyball, 8LS)
|
Batting: SHB Juan Soriano
|
0-0: Ball 1-0: Ball Alberto Castellanos is caught stealing 2nd base 2-0: SINGLE (Line Drive, 4M)
|
Batting: LHB Juan Vásquez
|
0-0: Ball 1-0: Ball Juan Soriano steals 2nd base 2-0: Called Strike 2-1: Ground out 1-3 (Groundball, 13)
|
Bottom of the 6th over - 0 run(s), 2 hit(s), 0 error(s), 1 left on base; Oceanside 0 - Quincy 1 |
TOP OF THE 7TH |
Oceanside Swamp Foxes batting - Pitching for Quincy Doughboys : LHP Ben Krieger
|
Batting: LHB Clinton O'Brien
|
0-0: Called Strike 0-1: Called Strike 0-2: Strikes out looking
|
Batting: RHB Carlos Sánchez
|
0-0: Ball 1-0: Called Strike 1-1: Called Strike 1-2: Ball 2-2: Strikes out swinging
|
Batting: LHB Arlen Powers
|
0-0: Ball 1-0: Fly out, F6 (Popup, 56)
|
Top of the 7th over - 0 run(s), 0 hit(s), 0 error(s), 0 left on base; Oceanside 0 - Quincy 1 |
BOTTOM OF THE 7TH |
Quincy Doughboys batting - Pitching for Oceanside Swamp Foxes : LHP Jorge Mora
|
Batting: LHB Seth Sullivan
|
0-0: Ball 1-0: Foul Ball, location: 2F 1-1: Ball 2-1: Ball 3-1: SINGLE (Groundball, 34D)
|
Batting: RHB Pedro Sandoval
|
0-0: Bunted foul 0-1: Sac Bunt - play at first, batter OUT! 1-4 Seth Sullivan to second
|
Pinch Hitting: RHB Miguel Medina
|
0-0: Fly out, F6 (Line Drive, 6M)
|
Batting: RHB Jorge Chávez
|
0-0: Called Strike 0-1: Ball 1-1: Ball 2-1: Ball 3-1: Swinging Strike 3-2: Foul Ball, location: 2F 3-2: Base on Balls
|
Pitching: RHP Arlen Wright
|
|
Batting: RHB Henry Haines
|
0-0: SINGLE (Flyball, 8RS) Seth Sullivan to third Jorge Chávez to second Runner from 3rd tries for Home, SAFE, no throw
|
Batting: LHB Alberto Castellanos
|
0-0: Called Strike 0-1: Fly out, F3 (Line Drive, 3S)
|
Bottom of the 7th over - 1 run(s), 2 hit(s), 0 error(s), 2 left on base; Oceanside 0 - Quincy 2 |
TOP OF THE 8TH |
Oceanside Swamp Foxes batting - Pitching for Quincy Doughboys : LHP Ben Krieger
|
Now at SS: Miguel Medina
|
|
Batting: RHB Marshall Gross
|
0-0: SINGLE (Line Drive, 3S)
|
Pitching: RHP Gabriel Castillo
|
|
Batting: LHB Rodrigo Pérez
|
0-0: Ball 1-0: SINGLE (Line Drive, 8LS) Marshall Gross to second
|
Batting: RHB Nathan Smith
|
0-0: Called Strike 0-1: Ball 1-1: Grounds into double play, 6-4-3 (Groundball, 6) Marshall Gross to third
|
Batting: RHB José López
|
0-0: Called Strike 0-1: Ball 1-1: Ball 2-1: Ground out 6-3 (Groundball, 6M)
|
Top of the 8th over - 0 run(s), 2 hit(s), 0 error(s), 1 left on base; Oceanside 0 - Quincy 2 |
BOTTOM OF THE 8TH |
Quincy Doughboys batting - Pitching for Oceanside Swamp Foxes : RHP Arlen Wright
|
Batting: RHB Marlon Hernández
|
0-0: Ball 1-0: Ball 2-0: Foul Ball, location: 2F 2-1: Ball 3-1: Called Strike 3-2: Foul Ball, location: 2F 3-2: Fly out, F2 (Popup, 25)
|
Batting: SHB Juan Soriano
|
0-0: Ball 1-0: SINGLE (Groundball, 34D)
|
Batting: LHB Juan Vásquez
|
0-0: Ball 1-0: Swinging Strike 1-1: Ball 2-1: Foul Ball, location: 2F 2-2: Ball 3-2: Strikes out swinging
|
Batting: LHB Seth Sullivan
|
0-0: Called Strike 0-1: Foul Ball, location: 2F 0-2: Foul Ball, location: 2F 0-2: Ball 1-2: Ball 2-2: Strikes out swinging
|
Bottom of the 8th over - 0 run(s), 1 hit(s), 0 error(s), 1 left on base; Oceanside 0 - Quincy 2 |
TOP OF THE 9TH |
Oceanside Swamp Foxes batting - Pitching for Quincy Doughboys : RHP Gabriel Castillo
|
Pitching: RHP Javier Franco
|
|
Now at 1B: Tucker Cooper
|
|
Now at 3B: Vicente Barajas
|
|
Batting: LHB Gabriel Aguilera
|
0-0: Ball 1-0: Ball 2-0: Called Strike 2-1: Foul Ball, location: 2F 2-2: Ball 3-2: SOLO HOME RUN (Line Drive, 9D), Distance : 359 ft
|
Batting: RHB Ed Nygaard
|
0-0: Called Strike 0-1: Swinging Strike 0-2: Ball 1-2: Foul Ball, location: 2F 1-2: Ground out 1-3 (Groundball, 13S)
|
Pinch Hitting: RHB Cameron Irwin
|
0-0: Ball 1-0: Foul Ball, location: 2F 1-1: Swinging Strike 1-2: Foul Ball, location: 2F 1-2: Foul Ball, location: 2F 1-2: Foul Ball, location: 2F 1-2: Ball 2-2: Fly out, F2 (Popup, 2R)
|
Pinch Hitting: SHB Dale Winters
|
0-0: Swinging Strike 0-1: SINGLE (Line Drive, 5D)
|
Batting: LHB Arlen Powers
|
0-0: Ball 1-0: Fly out, F7 (Flyball, 7S)
|
Top of the 9th over - 1 run(s), 2 hit(s), 0 error(s), 1 left on base; Oceanside 1 - Quincy 2 |
|